 Dungeon Crawl Stone Soup version 0.31-a0-188-g5e087ee2ca (webtiles) character file.

Game seed: 12177065933272821086

125 qw the Skirmisher (level 4, -6/25 HPs)
             Began as a Deep Elf Hunter on June 22, 2023.
             Killed by nerve-wracking pain
             ... invoked by Grinder
              (10 damage)
             ... while paralysed by Grinder
             ... on level 3 of the Dungeon.
             The game lasted 00:00:35 (1561 turns).

qw the Skirmisher (Deep Elf Hunter)                 Turns: 1561, Time: 00:00:35

Health: -6/25      AC:  5    Str: 10    XL:     4   Next: 82%
Magic:  6/6        EV:  2    Int: 14    God:
Gold:   186        SH:  0    Dex: 22    Spells: 3/3 levels left

rFire   . . .        Y - +0 shortbow
rCold   . . .        (shield currently unavailable)
rNeg    . . .        a - +0 ring mail of the Blushing Gods {Rampage Dex+4 Slay+2}
rPois   .            (no helmet)
rElec   .            (no cloak)
rCorr   .            (no gloves)
SInv    .            (no boots)
Will    .....        (no amulet)
Stlth   ++           (no ring)
HPRegen 0.24/turn    (no ring)
MPRegen 0.10/turn

%: rampage
@: paralysed
A: no striking features
a: no special abilities


You were on level 3 of the Dungeon.
You visited 1 branch of the dungeon, and saw 3 of its levels.

You collected 186 gold pieces.


   Skills:
 - Level 1.5 Fighting
 + Level 8.2 Ranged Weapons
 - Level 2.4 Dodging
 - Level 1.2 Stealth


You had 3 spell levels left.
You didn't know any spells.
Your spell library was empty.

Inventory:

Hand Weapons
 Y - a +0 shortbow (weapon)
Armour
 a - the +0 ring mail of the Blushing Gods (worn) {Rampage Dex+4 Slay+2}
   (You found it on level 2 of the Dungeon)

   Dex:       It affects your dexterity (+4).
   Slay:      It affects your accuracy & damage with ranged weapons and melee
   (+2).
   Rampage:   It bestows one free step when moving towards enemies.
Scrolls
 c - a scroll of identify
 d - a scroll of brand weapon {unknown}
Potions
 b - a potion of invisibility {unknown}
 f - 2 potions of brilliance {unknown}
 h - 2 potions of haste

Dungeon Overview and Level Annotations

Branches:
Dungeon (3/15)

Altars:
Cheibriados
Trog

Shops:
D:1 !

Annotations:
D:3 Grinder


Message History

Enter note: You shoot an arrow.
The arrow hits Grinder!
Grinder is moderately wounded.
You shoot an arrow. The arrow closely misses Grinder.
You shoot an arrow. The arrow hits Grinder!
Grinder is heavily wounded.
You shoot an arrow. The arrow hits Grinder.
Grinder is heavily wounded.
You shoot an arrow. The arrow barely misses Grinder.
Grinder hits you!
You writhe in agony.
You shoot an arrow. The arrow closely misses Grinder.
Grinder blinks!
You shoot an arrow.
The arrow hits Grinder but does no damage.
Grinder is heavily wounded.
You shoot an arrow. The arrow hits Grinder.
Grinder is heavily wounded.
Grinder hits you!
You writhe in agony.
You shoot an arrow.
The arrow hits Grinder but does no damage.
Grinder is heavily wounded.
Grinder closely misses you.
You shoot an arrow. The arrow barely misses Grinder.
Grinder misses you.
You shoot an arrow. The arrow barely misses Grinder.
Grinder blinks!
You shoot an arrow. The arrow completely misses Grinder.
You shoot an arrow. The arrow barely misses Grinder.
You shoot an arrow. The arrow hits Grinder.
Grinder is heavily wounded.
Grinder gestures at you.
You barely resist. You shoot an arrow. The arrow hits Grinder.
Grinder is heavily wounded.
You shoot an arrow. The arrow barely misses Grinder.
Grinder gestures at you.
You suddenly lose the ability to move!
Grinder gestures at you. Pain shoots through your body!
You die...

#...######## #.# #.###
#.# #.# #.# #.# # #.#
#### #.######### ~..#
#.#>....... ~~.# #.#@#
~~.# #.#.# ~~.# #.#.##
~..###########..5.#
................#.#
...........###....####.
..########.###..........
#.# #........####.. #.#
######...#


You could see Grinder.

Vanquished Creatures
  2 orc wizards (D:3)
  An adder (D:2)
  2 worms (D:3)
  A dart slug (D:3)
  7 orcs (D:3)
  4 ball pythons
  7 bats
  4 endoplasms
  A giant cockroach (D:1)
  4 goblins
  3 hobgoblins
  2 quokkas
  A frilled lizard (D:2)
  5 kobolds
  2 rats (D:1)
46 creatures vanquished.

Notes
Turn   | Place    | Note
-------+----------+-------------------------------------------
     0 | D:1      | qw the Deep Elf Hunter began the quest for the Orb.
     0 | D:1      | Reached XP level 1. HP: 12/12 MP: 3/3
     0 | D:1      | 0 ||| qw: Version: 0.3-a-9-g12657ce
     0 | D:1      | 0 ||| qw: Game counter: 3053
     0 | D:1      | 0 ||| qw: Always use a shield: true
     0 | D:1      | 0 ||| qw: God list: Okawaru
     0 | D:1      | 0 ||| qw: Allow faded altars: false
     0 | D:1      | 0 ||| qw: Do Orc after D:15 true
     0 | D:1      | 0 ||| qw: Do second Lair branch before Depths: true
     0 | D:1      | 0 ||| qw: Lair rune preference: random
     0 | D:1      | 0 ||| qw: Plans: Normal
     0 | D:1      | 0 ||| PLANNING D:1-11
   225 | D:1      | Reached XP level 2. HP: 16/16 MP: 4/4
   233 | D:1      | Reached skill level 6 in Ranged Weapons
   394 | D:1      | Found Keuriw's Distillery.
   398 | D:1      | 398 ||| SHOPLISTING 3 potions of heal wounds (180 gold,
                  | have 30).
   398 | D:1      | 398 ||| SHOPLISTING potion of curing (36 gold, have 30).
   398 | D:1      | 398 ||| SHOPLISTING potion of enlightenment (60 gold, have
                  | 30).
   560 | D:1      | 560 ||| UPGRADING to +0 ring mail.
   570 | D:1      | 570 ||| DROPPING +0 leather armour.
   571 | D:1      | 571 ||| READING scroll labelled HOHOSYIH LEEHE.
   572 | D:1      | 572 ||| READING scroll labelled JITUMP FEBBICS.
   573 | D:1      | 573 ||| READING scroll labelled RUUTHR QOOVIC.
   574 | D:1      | 574 ||| DRINKING 2 viscous golden potions.
   575 | D:1      | 575 ||| DROPPING scroll of butterflies.
   611 | D:2      | Reached XP level 3. HP: 20/20 MP: 5/5
   693 | D:2      | Identified the +0 ring mail of the Blushing Gods {Rampage
                  | Dex+4 Slay+2}
   811 | D:2      | Identified the +2 ring mail of the Farmer {Rampage}
   970 | D:2      | 970 ||| UPGRADING to +0 ring mail of the Blushing Gods
                  | {Rampage Dex+4 Slay+2}.
   980 | D:2      | 980 ||| DROPPING +2 ring mail of the Farmer {Rampage}.
   981 | D:2      | 981 ||| DROPPING +0 ring mail.
   982 | D:2      | 982 ||| READING 2 scrolls labelled JOLO AJAETT.
   983 | D:2      | 983 ||| DRINKING 2 white potions.
   988 | D:2      | 988 ||| STAIRDANCE
  1040 | D:2      | 1040 ||| STAIRDANCE
  1180 | D:3      | Reached skill level 7 in Ranged Weapons
  1191 | D:3      | Reached XP level 4. HP: 25/25 MP: 6/6
  1196 | D:3      | 1196 ||| DRINKING potion of curing.
  1196 | D:3      | 1196 ||| (to cure confusion)
  1253 | D:3      | Reached skill level 8 in Ranged Weapons
  1401 | D:3      | Found a bloodstained altar of Trog.
  1505 | D:3      | Found a snail-covered altar of Cheibriados.
  1544 | D:3      | Noticed Grinder
  1552 | D:3      | HP: 1/25 [Grinder (6)]
  1560 | D:3      | Paralysed by Grinder for 3 turns
  1561 | D:3      | Killed from afar by Grinder

Levels and vault maps discovered:
D:1:      spicycebolla_arrival_ecumenical, layout_loops_ring, serial_shops,
          nicolae_shop_back_alley_shop
D:2:      layout_basic, minmay_misc_feat_roman, minmay_tripent
D:3:      layout_loops_ring, kennysheep_slug_shrine, amcnicky_altar_gilded,
          uniq_grinder

Skill      XL: |  1  2  3  4 |
---------------+-------------+-----
Ranged Weapons | 6 7 8 |  8.2
Fighting       | |  1.5
Dodging        | |  2.4
Stealth        | |  1.2

Action                     |  1- 3 |  4- 6 || total
---------------------------+-------+-------++-------
   Fire: Shortbow          |    77 |    52 ||   129
    Use: Scroll            |     4 |       ||     4
         Potion            |     2 |     1 ||     3
 Armour: Ring mail         |    13 |     4 ||    17
         Leather armour    |     1 |       ||     1
  Dodge: Dodged            |    10 |     2 ||    12

Table legend:
 A = Non-vault XP
 B = Vault XP
 C = Vault XP percentage of total XP
 D = Non-vault monster count
 E = Vault monster count
 F = Vault count percentage of total count
                 A         B        C        D         E       F
            +---------+---------+-------+---------+---------+-------
      Total |     171 |       8 |   4.5 |      43 |       3 |   6.5
            +---------+---------+-------+---------+---------+-------
        D:1 |      25 |       0 |   0.0 |      15 |       0 |   0.0
        D:2 |      29 |       4 |  12.1 |      11 |       2 |  15.4
        D:3 |     117 |       4 |   3.3 |      17 |       1 |   5.6
            +---------+---------+-------+---------+---------+-------
